 Dungeon Sprint DCSS version 0.26-a0-707-g31817bcca1 (webtiles) character file.

Game seed: 7258481833689928366

600000 jfcaron the Fighter (level 11, -31/95 HPs)
             Began as a Demonspawn Warper on Oct 27, 2020.
             Was an Initiate of Makhleb.
             Annihilated by a meat berserker
             ... wielding a +9 battleaxe
              (71 damage)
             ... in the Dungeon (Sprint VIII: "Arena of Blood").
             The game lasted 00:00:45 (6 turns).

jfcaron the Fighter (Demonspawn Warper)                Turns: 6, Time: 00:00:45

Health: -31/95     AC:  4    Str: 11    XL:     11   Next: 71%
Magic:  0/26       EV: 18    Int: 18    God:    Makhleb [......]
Gold:   0          SH:  6    Dex: 13    Spells: 32/32 levels left

rFire    + . .     SeeInvis .   b - +∞ Axe of Woe
rCold    . . .     Faith    .   (shield currently unavailable)
rNeg     . . .     Spirit   +   a - +0 leather armour
rPois    .         Reflect  .   (no helmet)
rElec    .         Harm     .   (no cloak)
rCorr    .         Rampage  .   (no gloves)
MR       .....     NoTele   +   (no boots)
Stlth    +.........             (no amulet)
HPRegen  0.25/turn              (no ring)
MPRegen  0.20/turn              (no ring)

@: no status effects
A: hooves 2, large bone plates 2, fire resistance 1, magic shield
a: Renounce Religion


You were in the Dungeon.
You worshipped Makhleb.
Makhleb was noncommittal.
You visited 1 branch

Inventory:

Hand Weapons
 b - the +∞ Axe of Woe (weapon)
   (You found it in the Dungeon)
Missiles
 d - 5 boomerangs of dispersal (quivered)
Armour
 a - a +0 leather armour (worn)
Scrolls
 c - 2 scrolls of blinking
Potions
 e - a potion of curing
 f - a potion of heal wounds
 g - a potion of haste
 h - 2 potions of magic
 i - a potion of berserk rage


   Skills:
 + Level 12.3 Fighting
 + Level 11.4 Axes
 + Level 11.3 Throwing
 + Level 11.4 Armour
 + Level 11.3 Dodging
 - Level 1.7 Unarmed Combat
 + Level 11.4 Spellcasting
   Level 2.6 Translocations


You had 32 spell levels left.
You didn't know any spells.
Your spell library contained the following spells:

 Spells                   Type           Power        Failure   Level
 Blink                    Tloc           N/A          4%          2
 Gell's Gravitas          Tloc           ###.......   9%          3
 Lesser Beckoning         Tloc           ###.......   9%          3
 Teleport Other           Tloc           ###.....     9%          3
 Passage of Golubria      Tloc           N/A          28%         4


Dungeon Overview and Level Annotations

Branches:
Dungeon (1/1)

Altars:
Makhleb


Innate Abilities, Weirdness & Mutations

You have hoof-like feet.
You are mostly covered in large bone plates. (SH +6)
Your flesh is heat resistant. (rF+)
When hurt, damage is shared between your health and your magic reserves.


Message History

You feel agile.
Your demonic ancestry asserts itself...
Large bone plates spread over more of your arms.
You have reached level 9!
Your experience leads to an increase in your attributes!
Increase (S)trength, (I)ntelligence, or (D)exterity?
You feel clever.
Your demonic ancestry asserts itself...
You feel your magical essence form a protective shroud around your flesh.
You have reached level 10!
You have reached level 11!
You hear a shout! x6
A meat berserker comes into view. It is wielding a +9 battleaxe.
You hear a shout! x8
The meat berserker hits you with a +9 battleaxe!!!
Ouch! That really hurt!
You hear a shout!
A bag of meat comes into view. It is wielding a +9 war axe.
You hear a shout! x6
The meat berserker hits you with a +9 battleaxe!!!!
Ouch! That really hurt!
You die...

.... .... .. ...
.o #.. .# #..
..# ..###..
..###.
......)###......
.......@_..o....
.....#..O..#....
.o. #_.<._# . .
#.....#
....._.....
......###o.....
.###.O ..###.
#.. ..# #.. ..#


You could see 2 meat berserkers and 3 bags of meat.

Vanquished Creatures
  An orc (D)
1 creature vanquished.

Notes
Turn   | Place    | Note
-------+----------+-------------------------------------------
     0 | D        | Found the +∞ Axe of Woe
     0 | D        | jfcaron the Demonspawn Warper began the quest for the Orb.
     0 | D        | Reached XP level 1. HP: 16/16 MP: 3/3
     1 | D        | Noticed a meat berserker
     1 | D        | Noticed a bag of meat
     1 | D        | Noticed a bag of meat
     2 | D        | Noticed a bag of meat
     3 | D        | Became a worshipper of Makhleb the Destroyer
     5 | D        | Noticed a bag of meat
     6 | D        | Killed a bag of meat
     6 | D        | Reached skill level 12 in Fighting
     6 | D        | Gained mutation: Your flesh is heat resistant. (rF+)
                  | [demonic ancestry]
     6 | D        | Reached XP level 2. HP: 38/38 MP: 3/14
     6 | D        | Reached XP level 3. HP: 44/44 MP: 3/15
     6 | D        | Reached XP level 4. HP: 51/51 MP: 3/17
     6 | D        | Gained mutation: You have large cloven feet. [demonic
                  | ancestry]
     6 | D        | Reached XP level 5. HP: 57/57 MP: 3/18
     6 | D        | Gained mutation: You are partially covered in large bone
                  | plates. (SH +4) [demonic ancestry]
     6 | D        | Reached XP level 6. HP: 64/64 MP: 3/20
     6 | D        | Gained mutation: You have hoof-like feet. [demonic
                  | ancestry]
     6 | D        | Reached XP level 7. HP: 70/70 MP: 3/21
     6 | D        | Gained mutation: You are mostly covered in large bone
                  | plates. (SH +6) [demonic ancestry]
     6 | D        | Reached XP level 8. HP: 76/76 MP: 3/23
     6 | D        | Gained mutation: When hurt, damage is shared between your
                  | health and your magic reserves. [demonic ancestry]
     6 | D        | Reached XP level 9. HP: 82/82 MP: 3/24
     6 | D        | Reached XP level 10. HP: 89/89 MP: 3/25
     6 | D        | Reached XP level 11. HP: 95/95 MP: 3/26
     6 | D        | Noticed a meat berserker
     6 | D        | Noticed a bag of meat
     6 | D        | Annihilated by a meat berserker

Illustrated notes

Levels and vault maps discovered:
D:        meatsprint

Skill      XL: |  1 |
---------------+----+-----
Fighting       | 12 | 12.3
Axes           | 11 | 11.4
Throwing       | 11 | 11.3
Armour         | 11 | 11.4
Dodging        | 11 | 11.3
Spellcasting   | 11 | 11.4
Unarmed Combat | |  1.7
Translocations | |  2.6

Action                   |  1- 3 |  4- 6 |  7- 9 | 10-12 || total
-------------------------+-------+-------+-------+-------++-------
Melee: Executioner's axe |     1 |       |       |       ||     1

Table legend: (Time is in decaauts)
 A = Elapsed time spent in this place.
 B = Non-inter-level travel time spent in this place.
 C = Inter-level travel time spent in this place.
 D = Time resting spent in this place.
 E = Time spent auto-exploring this place.
 F = Levels seen in this place.
 G = Mean time per level.
                   A        B        C        D        E       F      G
               +--------+--------+--------+--------+--------+-----+--------+
         Total |      5 |      5 |      0 |      0 |      0 |   1 |    5.0 |
       Dungeon |      5 |      5 |      0 |      0 |      0 |   1 |    5.0 |
               +--------+--------+--------+--------+--------+-----+--------+

Top non-repeatable levels by time:
       D: 5 daAuts
